details: 'Backstab fest'

« prev index next »

General information

Mini Map

Players

team 1
Random» UndeadGibDirZuckungen (pink | 47 APM | 338 actions | 07:15)
Hero icon 3 Death Knight
Ability icon 2 Death Coil
Ability icon 1 Unholy Aura

» actions
Assign group hotkey6
Build / train12
Enter build submenu8
Enter hero's abilities submenu3
Right click151
Select / deselect22
Select group hotkey123
Use ability13
338 total
» units
Acolyte2
Ghoul2
Crypt Fiend3
7 total
» buildings
Altar of Darkness1
Crypt1
Ziggurat2
Graveyard1
Tomb of Relics2
7 total
» build order
00:14 Altar of Darkness
00:19 Crypt
00:37 Ziggurat
01:00 Graveyard
01:29 Ziggurat
02:01 Tomb of Relics
02:10 Tomb of Relics
HumanroomforsquARES (teal | 73 APM | 528 actions | 07:15)
Hero icon 1 Mountain King
Ability icon 1 Storm Bolt

» actions
Assign group hotkey9
Basic commands7
Build / train17
ESC pressed1
Enter build submenu8
Enter hero's abilities submenu1
Right click181
Select / deselect103
Select group hotkey187
Use ability14
528 total
» units
Peasant8
Footman6
14 total
» buildings
Barracks1
Altar of Kings1
Farm4
Keep1
Lumber Mill1
8 total
» build order
00:37 Barracks
00:40 Altar of Kings
00:46 Farm
01:26 Farm
02:07 Farm
02:49 Farm
03:28 Keep
05:54 Lumber Mill
Orcleader-12 (green | 25 APM | 184 actions | 07:15)
Hero icon 1 Tauren Chieftain
Ability icon 1 Endurance Aura

» actions
Basic commands23
Build / train14
Enter build submenu4
Enter hero's abilities submenu1
Right click57
Select / deselect78
Use ability7
184 total
» units
Peon12
12 total
» buildings
Altar of Storms1
Orc Burrow3
4 total
» build order
00:06 Altar of Storms
00:07 Orc Burrow
01:21 Orc Burrow
03:51 Orc Burrow
Random» RODRIGO_BORGIA (yellow | 40 APM | 297 actions | 07:22)
Hero icon 1 Mountain King
Ability icon 1 Storm Bolt

» actions
Assign group hotkey17
Basic commands53
Build / train6
Enter build submenu4
Enter hero's abilities submenu1
Right click105
Select / deselect78
Select group hotkey25
Use ability8
297 total
» units
Footman4
4 total
» buildings
Altar of Kings1
Barracks1
Farm2
4 total
» build order
00:07 Altar of Kings
00:21 Barracks
00:24 Farm
06:38 Farm
team 2
Random» NightElfpatrick15 (blue | 30 APM | 30 actions | 01:00)

» actions
Build / train1
Enter build submenu2
Remove unit from queue2
Right click10
Select / deselect13
Use ability2
30 total
» units
Wisp1
1 total
» buildings
Altar of Elders1
Moon Well1
2 total
» build order
00:05 Altar of Elders
00:11 Moon Well
HumanceIIularapothor (orange | 33 APM | 243 actions | 07:15)
Hero icon 1 Archmage
Ability icon 1 Blizzard

» actions
Assign group hotkey6
Basic commands44
Build / train11
Enter build submenu2
Enter hero's abilities submenu1
Right click50
Select / deselect64
Select group hotkey28
Use ability37
243 total
» units
Peasant9
9 total
» buildings
Altar of Kings1
Farm1
2 total
» build order
01:24 Altar of Kings
01:40 Farm
HumanCrJ705 (red | 0 APM | 0 actions | 07:15)
HumanDrunken.Lee (purple | 21 APM | 155 actions | 07:15)

» actions
Basic commands29
Build / train8
Enter build submenu1
Right click79
Select / deselect31
Use ability7
155 total
» units
Peasant8
8 total
» buildings
Altar of Kings1
1 total
» build order
00:09 Altar of Kings

Chat log

(00:17 / All) ceIIularapothor: GG
(00:27 / All) Drunken.Lee: bs
(00:38 / All) Drunken.Lee: hahaha we have a bs
(00:40 / All) Drunken.Lee: and an afk
(00:48 / All) patrick15: yep gg
(00:50 / All) leader-12: pi heu
(00:56 / All) leader-12: jlit dé lucky luke toute la journer
(01:03 / All) roomforsquARES: wtf frost wyrms are attacking me alreayd!!
(01:05 / All) RODRIGO_BORGIA: SORRY TO HAVE CLAIMED YOUR PRIZE, ASSASSIN.
(01:24 / Allies) roomforsquARES: lmao

(02:56 / All) Drunken.Lee: come back here
(03:16 / All) Drunken.Lee: hahahahahaha
(04:04 / Allies) leader-12: wtf
(04:06 / Allies) leader-12: yellow
(04:22 / Allies) leader-12: help
(04:23 / Allies) leader-12: pink
(04:24 / Allies) leader-12: help
(04:51 / All) ceIIularapothor: IM OWNING PURP
(04:56 / All) roomforsquARES: im owning yellow
(05:11 / All) roomforsquARES: it's a backstab fest! yay
(05:17 / All) roomforsquARES: rofl he tried to bs green
(05:19 / All) roomforsquARES: and died
(05:21 / All) ceIIularapothor: U HAD A BSER TOO?
(05:26 / All) GibDirZuckungen: no^^
(05:26 / All) RODRIGO_BORGIA: two of them
(05:46 / Allies) leader-12: u fail yellow
(05:49 / Allies) RODRIGO_BORGIA: still an altar if you wanna win
(05:55 / Allies) RODRIGO_BORGIA: dont really care at this poitnt
(05:58 / Allies) roomforsquARES: but i dont wanna win
(06:19 / All) ceIIularapothor: SO WHOS WINNING?
(06:23 / All) RODRIGO_BORGIA: i dunno
(06:26 / Allies) leader-12: pink
(06:28 / Allies) leader-12: u are attacked
(06:30 / All) roomforsquARES: well all is good now
(06:38 / Allies) GibDirZuckungen: so what? ^^
(06:45 / All) ceIIularapothor: WHY IS FRIENDS THE BEST BS MAP?
(06:46 / All) ceIIularapothor: LOL
(06:50 / All) roomforsquARES: LOL
(07:01 / All) RODRIGO_BORGIA: IM REVIVNG MY HERO
(07:01 / All) GibDirZuckungen: because on this map, there are no friends ^^
(07:15 / All) RODRIGO_BORGIA: Gg